 Dungeon Crawl Stone Soup version 0.15-a0-2075-ga361405 (webtiles) character file.

203 N00bl0rd the Grave Robber (level 5, 0/42 HPs)
             Began as a Deep Elf Necromancer on July 14, 2014.
             Was an Initiate of Kikubaaqudgha.
             Succumbed to a water moccasin's poison
             ... on Level 3 of the Dungeon.
             The game lasted 00:10:22 (2574 turns).

N00bl0rd the Grave Robber (Deep Elf Necromancer)    Turns: 2574, Time: 00:10:22

HP   0/42        AC 22     Str  5      XL: 5   Next: 51%
MP   2/20        EV  2     Int 21      God: Kikubaaqudgha [......]
Gold 152         SH  0     Dex 15      Spells:  5 memorised,  3 levels left

rFire  . . .     SeeInvis .     (no weapon)
rCold  . . .     Clarity  .     a - melded +0 robe
rNeg   + + +     rCorr    .     (no shield)
rPois  +         rRot     .     (no helmet)
rElec  .         Spirit   .     (cloak currently unavailable)
SustAb .         Warding  .     (gloves currently unavailable)
rMut   .         NoTele   +     m - melded +2 pair of boots
Gourm  .                        (no amulet)
MR     .....                    (no ring)
                                e - ring of positive energy

@: lethally poisoned, tree-form, not resistant to hostile enchantments, fairly
stealthy
A: no striking features
a: Renounce Religion


You were on level 3 of the Dungeon.
You worshipped Kikubaaqudgha.
Kikubaaqudgha was noncommittal.
You were not hungry.
You were an animated tree.
You visited 1 branch of the dungeon, and saw 3 of its levels.

You collected 152 gold pieces.

Inventory:

Armour
 a - a +0 robe (melded)
 m - a +2 pair of boots (melded)
 o - a +2 leather armour of magic resistance
Comestibles
 c - 2 bread rations
 j - 2 beef jerkies
 l - a slice of pizza
 q - 2 meat rations
 s - a rotting chunk of orc flesh
 t - 4 rotting chunks of orc flesh
 u - a rotting chunk of adder flesh
 v - a rotting chunk of bat flesh
 w - 2 chunks of orc flesh
 x - a chunk of adder flesh
Scrolls
 d - a scroll of identify
 i - 2 scrolls of remove curse
 y - a scroll of magic mapping {unknown}
Jewellery
 e - a ring of positive energy (left branch)
Potions
 g - a potion of brilliance {unknown}
 h - a potion of lignification
 k - a potion of heal wounds {unknown}
 n - a potion of haste {unknown}
 p - a potion of beneficial mutation {unknown}
 r - a potion of curing {unknown}
Books
 b - a book of Necromancy

   Spells                             Type                      Level
   *Pain                              Necromancy                   1
   *Animate Skeleton                  Necromancy                   1
   *Vampiric Draining                 Necromancy                   3
   *Regeneration                      Charms/Necromancy            3
   *Animate Dead                      Necromancy                   4
   Control Undead                     Necromancy                   4


   Skills:
 - Level 2.4 Dodging
 - Level 2.4 Stealth
 * Level 5.6 Spellcasting
 + Level 6.9 Necromancy


You had 3 spell levels left.
You knew the following spells:

 Your Spells              Type           Power        Failure   Level  Hunger
a - Pain                  Necr           ####         1%          1    None
b - Animate Skeleton      Necr           N/A          1%          1    None
c - Vampiric Draining     Necr           #####.....   1%          3    ##.....
d - Regeneration          Chrm/Necr      ###.......   10%         3    ##.....
e - Animate Dead          Necr           N/A          8%          4    ####...


Dungeon Overview and Level Annotations

Branches:
Dungeon (3/15)

Altars:
Kikubaaqudgha
Sif Muna


Message History

You feel sick.
* * * LOW HITPOINT WARNING * * *
You feel sick.
* * * LOW HITPOINT WARNING * * *
You feel sick.
* * * LOW HITPOINT WARNING * * *
You feel sick.
* * * LOW HITPOINT WARNING * * *
You feel sick.
* * * LOW HITPOINT WARNING * * *
You feel sick.
Drink which item? (? for menu, Esc to quit)
You turn into an animated tree.
Your +2 pair of boots melds into your body.
Your +0 robe melds into your body.
Your roots penetrate the ground.
Unknown command.
Drink which item? (? for menu, Esc to quit)
You feel refreshed.
It was a potion of restore abilities.
You die...
Kikubaaqudgha rasps: "You have failed me!
Welcome... death!"

......# ####.##..#
.....# #...Z.#..# #!...#
#.##.....# #....#
#.##.....# #....#
#.#......# #....#
#.#......# #####..Z.#
###.#......# #......#Z##
#...Z......# #......#♣#
#.#.#...#..#
.......'Z####.#.#...#..#
#......#......#.#...#..#
......#....((#.#...# .
#######......#.#...#
####...#.....#
#...####.## #...+ #...#


You could see a friendly giant gecko skeleton and 2 friendly adder skeletons.

Vanquished Creatures
  A water moccasin (D:3)
  3 adders
  2 worms (D:2)
  4 giant geckos
  5 orcs (D:3)
  A ball python (D:1)
  5 bats
  A giant cockroach (D:2)
  6 hobgoblins (D:1)
  2 quokkas
  A giant newt (D:2)
  6 goblins
  4 kobolds
  5 rats
  A rat zombie (D:2)
47 creatures vanquished.

Vanquished Creatures (collateral kills)
  2 adders
  2 worms (D:2)
  A bat zombie (D:2)
  A giant newt (D:2)
  A rat zombie (D:2)
7 creatures vanquished.

Vanquished Creatures (others)
  2 adder skeletons (D:2)
  2 bat skeletons
  2 goblin skeletons
  3 hobgoblin skeletons (D:1)
  3 kobold skeletons (D:2)
  4 orc skeletons (D:3)
  A rat skeleton (D:1)
17 creatures vanquished.

Grand Total: 71 creatures vanquished

Notes
Turn   | Place    | Note
--------------------------------------------------------------
     0 | D:1      | N00bl0rd, the Deep Elf Necromancer, began the quest for the Orb.
     0 | D:1      | Reached XP level 1. HP: 10/10 MP: 5/5
     7 | D:1      | Learned a level 1 spell: Animate Skeleton
    91 | D:1      | Reached skill level 5 in Necromancy
   542 | D:1      | Reached XP level 2. HP: 13/15 MP: 6/8
  1198 | D:2      | Reached XP level 3. HP: 13/19 MP: 5/11
  1210 | D:2      | Learned a level 3 spell: Vampiric Draining
  1214 | D:2      | Learned a level 3 spell: Regeneration
  1385 | D:2      | Found a deep blue altar of Sif Muna.
  1623 | D:2      | Reached skill level 6 in Necromancy
  1846 | D:2      | Reached XP level 4. HP: 24/24 MP: 15/15
  1879 | D:2      | Found an ancient bone altar of Kikubaaqudgha.
  1888 | D:2      | Became a worshipper of Kikubaaqudgha
  2508 | D:3      | Learned a level 4 spell: Animate Dead
  2550 | D:3      | Noticed a water moccasin
  2564 | D:3      | Killed a water moccasin
  2564 | D:3      | Reached skill level 5 in Spellcasting
  2564 | D:3      | Reached XP level 5. HP: 9/28 MP: 0/20
  2572 | D:3      | HP: 1/28 [poisoned by a water moccasin]
  2574 | D:3      | Succumbed to a water moccasin's poison

Action                   |  1- 3 |  4- 6 || total
-------------------------+-------+-------++-------
Melee: Unarmed           |       |     1 ||     1
 Cast: Pain              |    57 |    32 ||    89
       Animate Skeleton  |    12 |     8 ||    20
       Regeneration      |     1 |       ||     1
       Vampiric Draining |       |     5 ||     5
  Use: Scroll            |     2 |       ||     2
       Potion            |       |     2 ||     2
  Eat: Chunk             |     2 |     3 ||     5
